 Dungeon Crawl Stone Soup version 0.21-a0-52-gbf49515 (webtiles) character file.

7742 nikopol the Thaumaturge (level 11, -12/56 HPs)
             Began as a Deep Elf Conjurer on June 13, 2017.
             Was a Priest of Vehumet.
             Mangled by a two-headed ogre
             ... wielding a +0 giant club
              (18 damage)
             ... on level 9 of the Dungeon.
             The game lasted 00:54:11 (12613 turns).

nikopol the Thaumaturge (Deep Elf Conjurer)        Turns: 12613, Time: 00:54:12

Health: -12/56     AC:  9    Str:  9    XL:     11   Next: 0%
Magic:  22/31      EV: 16    Int: 24    God:    Vehumet [***...]
Gold:   538        SH:  0    Dex: 20    Spells: 29/39 levels left

rFire    . . .     SeeInvis .   u - +2 short sword (freeze)
rCold    . . .     Gourm    .   (no shield)
rNeg     . . .     Faith    .   I - +2 robe {MR+}
rPois    .         Spirit   .   r - +2 helmet
rElec    .         Reflect  .   (no cloak)
rCorr    .         Harm     .   F - +1 pair of gloves
MR       ++...                  (no boots)
Stlth    +++.......             (no amulet)
Regen    0.2/turn               T - +5 ring of dexterity
MPRegen  0.3/turn               B - +4 ring of strength

@: no status effects
A: no striking features
a: Renounce Religion


You were on level 9 of the Dungeon.
You worshipped Vehumet.
Vehumet was most pleased with you.
You were not hungry.

You visited 2 branches of the dungeon, and saw 10 of its levels.

You collected 538 gold pieces.

Inventory:

Hand Weapons
 h - a +0 short sword
 u - a +2 short sword of freezing (weapon)
Armour
 r - a +2 helmet (worn)
 F - a +1 pair of gloves (worn)
 I - a +2 robe of magic resistance (worn)
Jewellery
 a - an uncursed amulet of guardian spirit {unknown}
 B - a +4 ring of strength (right hand)
 E - an uncursed ring of flight
 T - a +5 ring of dexterity (left hand)
Wands
 w - a wand of acid (9/15)
 H - a wand of iceblast (9/15)
 U - a wand of polymorph (7/24)
Scrolls
 f - 3 scrolls of immolation {unknown}
 m - 8 scrolls of remove curse
 q - 3 scrolls of enchant weapon {unknown}
 t - 5 scrolls of teleportation {unknown}
 v - a scroll of blinking {unknown}
 y - 4 scrolls of amnesia
 C - a scroll of fog {unknown}
 M - a scroll of noise {unknown}
 Q - 2 scrolls of enchant armour {unknown}
 R - 3 scrolls of magic mapping {unknown}
 S - a scroll of random uselessness {unknown}
Potions
 i - a potion of might
 o - a potion of agility {unknown}
 s - 3 potions of curing
 x - 2 potions of haste
 z - 2 potions of heal wounds
 A - a potion of magic {unknown}
 D - 2 potions of brilliance
 G - a potion of degeneration {unknown}
Books
 b - a book of Conjurations

   Spells                             Type                      Level
   a - Magic Dart                     Conjuration                  1
   b - Searing Ray                    Conjuration                  2
   c - Dazzling Spray                 Conjuration/Hexes            3
   d - Fulminant Prism                Conjuration/Hexes            4
   e - Force Lance                    Conjuration/Translocation    4
   f - Iskenderun's Mystic Blast      Conjuration                  4
 n - a book of Cantrips

   Spells                             Type                      Level
   a - Confusing Touch                Hexes                        1
   b - Animate Skeleton               Necromancy                   1
   c - Summon Small Mammal            Summoning                    1
   d - Apportation                    Translocation                1
 L - a book of Maledictions

   Spells                             Type                      Level
   a - Corona                         Hexes                        1
   b - Ensorcelled Hibernation        Hexes/Ice                    2
   c - Confuse                        Hexes                        3
   d - Tukima's Dance                 Hexes                        3
   e - Dazzling Spray                 Conjuration/Hexes            3
 N - a book of Callings

   Spells                             Type                      Level
   a - Summon Small Mammal            Summoning                    1
   b - Call Imp                       Summoning                    2
   c - Call Canine Familiar           Summoning                    3
   d - Summon Guardian Golem          Hexes/Summoning              3
   e - Summon Lightning Spire         Summoning/Air                4
   f - Summon Ice Beast               Ice/Summoning                4
 P - a book of Geomancy

   Spells                             Type                      Level
   a - Sandblast                      Earth                        1
   b - Passwall                       Transmutation/Earth          2
   c - Stone Arrow                    Conjuration/Earth            3
   d - Petrify                        Transmutation/Earth          4
   e - Lee's Rapid Deconstruction     Earth                        5
Comestibles
 c - 8 bread rations
 j - 7 royal jellies
 l - 6 meat rations


   Skills:
 + Level 1.1 Fighting
 + Level 5.1 Dodging
 + Level 5.2 Stealth
 + Level 14.6 Spellcasting
 + Level 12.6 Conjurations


You had 29 spell levels left.
You knew the following spells:

 Your Spells              Type           Power        Failure   Level  Hunger
a - Magic Dart            Conj           ####         0%          1    None
b - Searing Ray           Conj           ######       1%          2    None
c - Iskenderun's Mystic   Conj           ######..     1%          4    None
d - Dazzling Spray        Conj/Hex       #####.       1%          3    None


Dungeon Overview and Level Annotations

Branches:
Dungeon (9/15)             Temple (1/1) D:4
   Lair: D:8-11         Orc: D:9-12

Altars:
Ashenzari
Cheibriados
Dithmenos
Elyvilon
Fedhas
Gozag
Hepliaklqana
Kikubaaqudgha
Makhleb
Nemelex Xobeh
Okawaru
Qazlal
Ru
Sif Muna
Uskayaw
Vehumet
Wu Jian
Xom
Yredelemnul
Zin
The Shining One

Shops:
D:4 (   D:6 (


Message History

The two-headed ogre is moderately wounded.
The searing ray hits the two-headed ogre.
The two-headed ogre is heavily wounded.
You finish channeling your searing ray.
The two-headed ogre barely misses you.
The two-headed ogre hits you with a giant club!!
Casting: Searing Ray
Confirm with . or Enter, or press ? or * to list all spells.
Aiming: Searing Ray
Press: ? - help, Shift-Dir - straight line, f/p - two-headed ogre
Aim: a two-headed ogre, wielding two giant clubs (heavily wounded)
The searing ray hits the two-headed ogre.
The two-headed ogre is severely wounded. (Press . to maintain the ray.)
The two-headed ogre hits you with a giant club! x2
* * * LOW HITPOINT WARNING * * *
The searing ray hits the two-headed ogre.
The two-headed ogre is severely wounded.
The two-headed ogre barely misses you.
The two-headed ogre hits you with a giant club!!
You die...

..#....#'####(.).......#####
..#....#....#####...........
..#....#........#...........
..#....#........#...........
..#....##########.†.........
..####.................####
.....#.................#
.....#.................#
.....#..........@......+
...###.........O.......#
####....######.#########
...#....# ... ...#....# ....
##'#....#..### ......###.
......# ......#


You could see a two-headed ogre.

Vanquished Creatures
  2 two-headed ogres
  The ghost of sergedm the Eclecticist, a novice DECj of Vehumet (D:9)
  The ghost of Kenran the Cutter, a novice KoBe of Trog (D:6)
  A troll (D:9)
  A hippogriff (D:9)
  A yak (D:7)
  A wyvern (D:9)
  A human (D:7)
  3 hogs (D:7)
  2 hungry ghosts
  A water moccasin (D:9)
  2 orc warriors
  A phantom (D:6)
  3 ice beasts
  A sky beast (D:8)
  A black bear (D:7)
  3 ogres
  4 centaurs
  2 big kobolds
  Blork the orc (D:5)
  6 bullfrogs
  7 scorpions
  The ghost of KristoblXynda the Charlatan, a weakling DgAr (D:4)
  10 wights (D:7)
  2 howler monkeys (D:8)
  5 crimson imps
  A centaur zombie (D:6)
  A quasit (D:7)
  A centaur skeleton (D:5)
  3 jellies
  2 orc priests (D:8)
  6 hounds
  2 bullfrog skeletons
  Ijyb (D:5)
  4 iguanas
  3 orc wizards
  8 worker ants
  2 hound skeletons (D:9)
  4 gnolls (D:7)
  8 adders
  A shadow imp (D:8)
  An ooze (D:3)
  2 adder zombies
  An adder skeleton (D:6)
  2 worms
  A dart slug (D:1)
  5 leopard geckos
  15 orcs
  4 bats
  10 giant cockroaches
  3 goblins
  8 hobgoblins
  9 jackals
  15 kobolds
  4 quokkas
  A ball python (D:2)
  6 frilled lizards
  2 jackal skeletons (D:4)
  2 leopard gecko skeletons
  12 rats
214 creatures vanquished.

Notes
Turn   | Place    | Note
-------+----------+-------------------------------------------
     0 | D:1      | nikopol the Deep Elf Conjurer began the quest for the Orb.
     0 | D:1      | Reached XP level 1. HP: 10/10 MP: 6/6
     6 | D:1      | Noticed a merfolk zombie
    10 | D:1      | Noticed a minotaur zombie
   205 | D:1      | Reached XP level 2. HP: 15/15 MP: 6/8
   209 | D:1      | Learned a level 2 spell: Searing Ray
   486 | D:1      | Reached skill level 5 in Conjurations
   947 | D:2      | Reached XP level 3. HP: 19/19 MP: 6/10
  1675 | D:2      | Reached skill level 4 in Spellcasting
  1675 | D:2      | Reached XP level 4. HP: 1/24 MP: 1/12
  2137 | D:3      | Found an iron altar of Okawaru.
  2139 | D:3      | Found a sacrificial altar of Ru.
  2169 | D:3      | Reached XP level 5. HP: 26/28 MP: 4/14
  2577 | D:3      | Found an opulent altar of Gozag.
  2602 | D:3      | Found a hide-covered altar of Uskayaw.
  2618 | D:3      | Found an opulent altar of Gozag.
  2840 | D:4      | Reached skill level 5 in Spellcasting
  3154 | D:4      | Found an ornate altar of the Wu Jian Council.
  3200 | D:4      | Found a staircase to the Ecumenical Temple.
  3444 | Temple   | Entered the Ecumenical Temple
  3572 | Temple   | Became a worshipper of Vehumet
  3641 | D:4      | Reached XP level 6. HP: 19/32 MP: 5/16
  3773 | D:4      | Noticed KristoblXynda's ghost (weakling DgAr)
  3877 | D:4      | Killed KristoblXynda's ghost
  4065 | D:4      | Reached skill level 6 in Spellcasting
  4386 | D:4      | Found Impog's Weapon Boutique.
  4456 | D:4      | Reached XP level 7. HP: 36/36 MP: 14/19
  4560 | D:4      | Found a burning altar of Makhleb.
  4787 | D:5      | Entered Level 5 of the Dungeon
  4823 | D:5      | Noticed Ijyb
  4833 | D:5      | Killed Ijyb
  4833 | D:5      | Reached skill level 7 in Spellcasting
  5422 | D:5      | Noticed Blork the orc
  5439 | D:5      | Killed Blork the orc
  5799 | D:6      | Reached * piety under Vehumet
  5799 | D:6      | Offered knowledge of Freeze by Vehumet.
  5799 | D:6      | Reached skill level 8 in Spellcasting
  5930 | D:6      | Reached XP level 8. HP: 42/42 MP: 11/22
  6205 | D:6      | Learned a level 4 spell: Iskenderun's Mystic Blast
  6216 | D:6      | Reached skill level 9 in Spellcasting
  6286 | D:6      | Found a shattered altar of Ashenzari.
  6468 | D:6      | Found Xuekaf's Antique Weapon Emporium.
  6563 | D:6      | Noticed Kenran's ghost (novice KoBe)
  6584 | D:6      | Killed Kenran's ghost
  6584 | D:6      | Reached skill level 10 in Spellcasting
  7115 | D:7      | HP: 2/42 [centaur/arrow (4)]
  7608 | D:7      | Reached XP level 9. HP: 45/46 MP: 18/25
  7715 | D:7      | Reached skill level 11 in Spellcasting
  8014 | D:7      | Reached ** piety under Vehumet
  8126 | D:7      | Offered knowledge of Shock by Vehumet.
  8207 | D:7      | Reached skill level 10 in Conjurations
  8305 | D:7      | Learned a level 3 spell: Dazzling Spray
  8564 | D:7      | Reached skill level 12 in Spellcasting
  8756 | D:7      | Reached skill level 5 in Stealth
  9126 | D:8      | Reached XP level 10. HP: 51/51 MP: 23/28
  9505 | D:8      | Offered knowledge of Inner Flame by Vehumet.
  9529 | D:8      | Noticed a two-headed ogre
  9554 | D:8      | Killed a two-headed ogre
  9554 | D:8      | Reached skill level 1 in Fighting
  9554 | D:8      | Reached skill level 13 in Spellcasting
 10735 | D:9      | Noticed sergedm's ghost (novice DECj)
 11110 | D:9      | Killed sergedm's ghost
 11330 | D:9      | Reached *** piety under Vehumet
 11374 | D:9      | Reached skill level 14 in Spellcasting
 11625 | D:9      | Noticed a two-headed ogre
 11635 | D:9      | Killed a two-headed ogre
 12222 | D:9      | Offered knowledge of Airstrike by Vehumet.
 12325 | D:9      | Reached skill level 5 in Dodging
 12570 | D:9      | Reached XP level 11. HP: 56/56 MP: 26/31
 12608 | D:9      | Noticed a two-headed ogre
 12613 | D:9      | Mangled by a two-headed ogre

Vault maps used:
D:1:      shiori_arrival_whats_in_store_for_you
D:3:      chequers_temple_overflow_statue_of_worship,
          grunt_temple_overflow_open, grunt_gozag_breadcrumbs
D:4:      kennysheep_mini, old_standard_altar, temple_doors_e, first_bread,
          serial_shops, shop, minivault_1
D:5:      uniq_blork_the_orc, uniq_ijyb
D:6:      serial_shops, shop, ashenzari_altar_1
D:7:      grunt_livestock
Temple:   bh_familiar_temple

Skill      XL: |  1  2  3  4  5  6  7  8  9 10 |
---------------+-------------------------------+-----
Conjurations   | 5 6 7 8 9 11 12 | 12.6
Spellcasting   | 4 5 6 8 10 12 14 | 14.6
Stealth        | 3 4 5 |  5.2
Dodging        | 3 4 5 |  5.1
Fighting       | 1 |  1.1

Action                   |  1- 3 |  4- 6 |  7- 9 | 10-12 || total
-------------------------+-------+-------+-------+-------++-------
 Cast: Magic Dart        |    70 |   101 |   202 |   107 ||   480
       Searing Ray       |     1 |    13 |    46 |    34 ||    94
       Iskenderun's Myst |       |       |     3 |     8 ||    11
  Use: Potion            |       |     1 |       |       ||     1
       Scroll            |       |       |       |    11 ||    11
  Eat: Chunk             |     2 |     4 |    15 |     9 ||    30
       Fruit             |       |     4 |       |     2 ||     6
Armor: Robe              |     2 |     4 |    20 |    19 ||    45
Dodge: Dodged            |     8 |     8 |    36 |    55 ||   107
